 Dungeon Crawl Stone Soup version 0.30-a0-1157-g2cc9ac7196 (webtiles) character file.

Game seed: 11755299115029702130

28377 BubbleThief the Impaler (level 13, -15/96 HPs)
             Began as a Demonspawn Necromancer on Apr 23, 2023.
             Was a High Priest of Kikubaaqudgha.
             Killed by an exploding elephant zombie (45 damage)
             ... ignited by their inner flame
             ... on level 3 of the Lair of Beasts on Apr 24, 2023.
             The game lasted 00:29:32 (13461 turns).

BubbleThief the Impaler (Demonspawn Necromancer)   Turns: 13461, Time: 00:29:32

Health: -15/96     AC:  8    Str: 22    XL:     13   Next: 9%
Magic:  17/17      EV: 23    Int: 18    God:    Kikubaaqudgha [*****.]
Gold:   1124       SH:  0    Dex: 19    Spells: 5/18 levels left

rFire   . . .        F - +1 bardiche (pain)
rCold   . . .        (shield currently unavailable)
rNeg    . . .        a - +0 robe
rPois   +            u - +1 helmet
rElec   .            C - +2 cloak of Polish {rPois Str+3 Dex+2}
rCorr   .            z - +0 pair of gloves
SInv    .            (no boots)
Will    .....        (no amulet)
Stlth   ++           q - +6 ring of strength
HPRegen 0.36/turn    n - ring "Koker" {Drain EV+5 Dex+4 Slay+5}
MPRegen 0.15/turn

%: no passive effects
@: no status effects
A: hooves 2, repulsion field 1, foul stench 2, icemail 1, condensation shield
a: Renounce Religion, Unearth Wretches, Torment


You were on level 3 of the Lair of Beasts.
You worshipped Kikubaaqudgha.
Kikubaaqudgha was extremely pleased with you.
You visited 3 branches of the dungeon, and saw 14 of its levels.
You also visited: Ossuary and Bailey.

You collected 1124 gold pieces.

Inventory:

Hand Weapons
 w - a +3 halberd of flaming
 F - a +1 bardiche of pain (weapon)
Missiles
 t - a throwing net
Armour
 a - a +0 robe (worn)
 u - a +1 helmet (worn)
 z - a +0 pair of gloves (worn)
 C - the +2 cloak of Polish (worn) {rPois Str+3 Dex+2}
   (You found it on level 6 of the Dungeon)

   Str:       It affects your strength (+3).
   Dex:       It affects your dexterity (+2).
   rPois:     It protects you from poison.
 E - a +2 ring mail of positive energy
Jewellery
 g - a ring of see invisible
 n - the ring "Koker" (right hand) {Drain EV+5 Dex+4 Slay+5}
   (You found it on level 5 of the Dungeon)

   [ring of evasion]

   EV:        It affects your evasion (+5).
   Dex:       It affects your dexterity (+4).
   Slay:      It affects your accuracy & damage with ranged weapons and melee
   (+5).
   Drain:     It drains your maximum health when unequipped.
 q - a +6 ring of strength (left hand)
 G - a ring of flight
Wands
 r - a wand of polymorph (8)
 s - a wand of light (5)
 y - a wand of flame (17)
 K - a wand of paralysis (2)
Scrolls
 d - a scroll of magic mapping
 e - 4 scrolls of identify
 h - 3 scrolls of poison
 j - 8 scrolls of teleportation
 k - 3 scrolls of enchant armour
 m - a scroll of brand weapon
 o - a scroll of amnesia
 I - a scroll of enchant weapon
Potions
 b - a potion of magic
 c - 3 potions of heal wounds
 f - 4 potions of invisibility
 i - 2 potions of flight
 l - 10 potions of ambrosia
 p - 2 potions of mutation
 v - 4 potions of haste {unknown}
 x - 3 potions of lignification
 A - 2 potions of might
 B - 2 potions of attraction {unknown}
 D - 2 potions of resistance
 H - 2 potions of curing


   Skills:
 - Level 7.1 Fighting
 + Level 17.3 Polearms
 - Level 6.8 Dodging
 - Level 1.7 Stealth
 - Level 3.0 Spellcasting
 - Level 7.0 Necromancy


You had 5 spell levels left.
You knew the following spells:

 Your Spells              Type           Power      Damage    Failure   Level
a - Necrotise             Necr           100%       1d9       1%          1
b - Vampiric Draining     Necr           27%        2d7       2%          3
c - Animate Dead          Necr           27%        N/A       9%          4
d - Borgnjor's Vile Clut  Necr/Erth      7%         N/A       71%         5

Your spell library contained the following spells:

 Spells                   Type           Power      Damage    Failure   Level
 Dispel Undead            Necr           27%        3d13      9%          4
 Cigotuvi's Dreadful Rot  Necr/Pois/Air  22%        N/A       10%         2
 Agony                    Necr           27%        N/A       26%         5
 Anguish                  Hex/Necr       7%         N/A       36%         4
 Petrify                  Tmut/Erth      2%         N/A       85%         4
 Summon Lightning Spire   Summ/Air       2%         N/A       85%         4
 Alistair's Intoxication  Tmut/Pois      1%         N/A       99%         5
 Metabolic Englaciation   Hex/Ice        1%         N/A       99%         5
 Death Channel            Necr           13%        N/A       80%         6
 Simulacrum               Ice/Necr       7%         N/A       99%         6
 Eringya's Noxious Bog    Tmut/Pois      1%         N/A       100%        6
 Statue Form              Tmut/Erth      1%         N/A       100%        6
 Storm Form               Tmut/Air       1%         N/A       100%        7
 Maxwell's Capacitive Co  Air            1%         ∞         100%        8


Dungeon Overview and Level Annotations

Branches:
Dungeon (10/15)            Temple (1/1) D:6            Lair (3/5) D:10
 Shoals (0/4) Lair:3          Orc (0/2) D:10        Ossuary (visited)
 Bailey (visited)
  Snake: Lair:2-3    Spider: Lair:2-3

Altars:
Ashenzari
Dithmenos
Hepliaklqana
Kikubaaqudgha
Makhleb
Nemelex Xobeh
Qazlal
Ru
Trog
Uskayaw
Vehumet
Wu Jian
Xom

Shops:
D:10 *


Innate Abilities, Weirdness & Mutations

You have hoof-like feet.
You are surrounded by a mild repulsion field. (EV +2)
You sometimes emit foul miasma when damaged in melee.
A meltable icy envelope protects you from harm. (AC +0)
A meltable shield of frost defends you. (SH +0)


Message History

The water moccasin writhes in agony.
Kikubaaqudgha accepts your kill.
The water moccasin explodes!
The fiery explosion engulfs you!
Your icy defences dissipate!
You are engulfed in blazing flames.
You swap places.
Your elephant zombie is engulfed in blazing flames.
Flame seeps out of your elephant zombie.
Your elephant zombie is engulfed in blazing flames.
Your elephant zombie explodes!
The fiery explosion engulfs your elephant zombie!!
Flame seeps out of your elephant zombie.
Your elephant zombie is moderately damaged.
The fiery explosion engulfs your elephant zombie!!!
Flame seeps out of your elephant zombie.
Your elephant zombie is heavily damaged.
The fiery explosion engulfs you!!!
The elephant zombie is engulfed in blazing flames.
Flame seeps out of the elephant zombie.
The elephant zombie barely misses you.
The elephant zombie completely misses you.
The elephant zombie is engulfed in blazing flames.
Flame seeps out of the elephant zombie.
Unknown command.
Unknown command.
The elephant zombie is engulfed in blazing flames.
Flame seeps out of the elephant zombie.
The elephant zombie is engulfed in blazing flames.
Flame seeps out of the elephant zombie.
There are monsters nearby!
Reach: F) +1 bardiche (pain)
Press: ? - help, Dir - move target, f - elephant zombie
Aim: an elephant zombie (severely damaged, inner flame, about 2% to evade your +1 bardiche of pain)
You reach to attack!
You slice the elephant zombie!!
That felt strangely unrewarding.
The elephant zombie explodes!
The fiery explosion engulfs the elephant zombie!!
That felt strangely unrewarding.
The fiery explosion engulfs you!!!
You die...
Kikubaaqudgha rasps: "You have failed me!
Welcome... death!"

Y.....##### ##...# ##
.....# ##..# ..###
#[..### . ##....## ##
#......## . ##.##
##P#..#.# ..###...#
###...## #.......###
#.Z.## ........@.####
##...# ........§§§#.#
##... ........§.§..#
#.... ........§.§.##
####..# ............#
#.#..##
........§§☼§#####
#...##
........☼§§§..#.###..##
........○§§§..P.##....#
PP..........#..P#ZZ..##


There were no monsters in sight!

Vanquished Creatures
  A hydra (Lair:2)
  4 death yaks (Lair:2)
  Amaemon (Lair:2)
  An orc knight (Bailey)
  A wolf spider (Lair:1)
  8 elephants
  An orange demon (Lair:2)
  4 black mambas
  4 cane toads
  A gargoyle (D:10)
  2 kobold demonologists (Bailey)
  2 komodo dragons
  A queen bee (D:10)
  A polar bear (Lair:2)
  A hornet (D:7)
  8 blink frogs
  A troll (D:10)
  15 yaks
  2 wyverns
  A wraith (D:9)
  A basilisk (Lair:1)
  A steam dragon (Lair:3)
  9 water moccasins
  11 orc warriors
  3 elephant zombies (Lair:3)
  3 sky beasts
  14 wolves
  2 ogres (D:5)
  2 black bears
  2 centaurs
  An elf zombie (Ossuary)
  9 bullfrogs
  3 scorpions
  A gnoll sergeant (D:6)
  7 wights
  31 killer bees
  12 electric eels
  7 howler monkeys
  5 hounds
  A gnoll bouda (D:6)
  A human zombie (Ossuary)
  Crazy Yiuf (D:7)
  10 orc priests
  A jelly (D:5)
  4 sleepcaps (D:5)
  An iguana (D:4)
  5 orc wizards
  2 mummies (Ossuary)
  5 adders
  22 gnolls
  A shadow imp (D:5)
  A white imp (D:5)
  A worm (D:2)
  30 orcs
  5 ball pythons
  A bat (D:1)
  7 endoplasms
  2 giant cockroaches (D:2)
  A gnoll zombie (Ossuary)
  16 goblins
  14 hobgoblins
  3 jackals (D:4)
  3 quokkas (D:1)
  A frilled lizard (D:1)
  7 hobgoblin zombies (Ossuary)
  5 kobolds
  4 orc zombies (Ossuary)
  7 rats
346 creatures vanquished.

Vanquished Creatures (collateral kills)
  A two-headed ogre (D:10)
  A wolf spider (Lair:1)
  2 elephants (Lair:3)
  4 blink frogs (Lair:2)
  A vampire (D:10)
  A steam dragon (D:7)
  3 yaks (Lair:1)
  2 water moccasins
  3 wolves
  4 killer bees
  3 hounds (D:10)
  An orc priest (D:10)
  A worm (D:2)
  3 orcs
  A goblin (D:4)
  2 rats
33 creatures vanquished.

Vanquished Creatures (others)
  A black mamba zombie (Lair:1)
  An elephant zombie (Lair:3)
  4 blink frog zombies (Lair:2)
  A polar bear zombie (Lair:2)
  7 yak zombies
  A queen bee zombie (D:10)
  3 wolf zombies (Lair:2)
  2 bullfrog zombies
  19 killer bee zombies (D:10)
  6 orc zombies
  2 gnoll zombies (Bailey)
  A goblin zombie (Bailey)
  6 hobgoblin zombies (Bailey)
  4 fungi
  3 plants
61 creatures vanquished.

Grand Total: 440 creatures vanquished

Notes
Turn   | Place    | Note
-------+----------+-------------------------------------------
     0 | D:1      | BubbleThief the Demonspawn Necromancer began the quest for
                  | the Orb.
     0 | D:1      | Reached XP level 1. HP: 13/13 MP: 3/3
   509 | D:1      | Gained mutation: You may rarely emit foul miasma when
                  | damaged in melee. [demonic ancestry]
   509 | D:1      | Reached XP level 2. HP: 19/19 MP: 1/5
  1030 | D:2      | Reached skill level 5 in Necromancy
  1362 | D:2      | Gained mutation: A meltable shield of frost defends you.
                  | (SH +0) [demonic ancestry]
  1362 | D:2      | Reached XP level 3. HP: 24/24 MP: 4/6
  1918 | D:2      | Gained mutation: You have large cloven feet. [demonic
                  | ancestry]
  1918 | D:2      | Reached XP level 4. HP: 30/30 MP: 2/8
  2511 | D:3      | Gained mutation: You are surrounded by a mild repulsion
                  | field. (EV +2) [demonic ancestry]
  2511 | D:3      | Reached XP level 5. HP: 36/36 MP: 7/9
  2557 | D:3      | Found a faded altar of an unknown god.
  2997 | D:4      | Reached skill level 1 in Fighting
  3336 | D:4      | Learned a level 3 spell: Vampiric Draining
  3441 | D:4      | Gained mutation: A meltable icy envelope protects you from
                  | harm. (AC +0) [demonic ancestry]
  3441 | D:4      | Reached XP level 6. HP: 37/44 MP: 3/10
  4151 | D:5      | Entered Level 5 of the Dungeon
  4160 | D:5      | Identified the ring "Koker" {Drain EV+5 Dex+4 Slay+5}
  4161 | D:5      | Noticed a water moccasin
  4167 | D:5      | Killed a water moccasin
  4168 | D:5      | Reached XP level 7. HP: 52/52 MP: 9/11
  4507 | D:5      | Reached skill level 5 in Fighting
  4507 | D:5      | Reached skill level 5 in Dodging
  4507 | D:5      | Gained mutation: You have hoof-like feet. [demonic
                  | ancestry]
  4507 | D:5      | Reached XP level 8. HP: 47/62 MP: 7/12
  5722 | D:6      | Found a staircase to the Ecumenical Temple.
  5735 | D:6      | Identified the +2 cloak of Polish {rPois Str+3 Dex+2}
  5752 | Temple   | Entered the Ecumenical Temple
  5760 | Temple   | Became a worshipper of Kikubaaqudgha
  5790 | D:6      | Reached XP level 9. HP: 72/72 MP: 13/13
  5797 | D:6      | Reached skill level 1 in Polearms
  6020 | D:7      | Reached skill level 2 in Polearms
  6025 | D:7      | Learned a level 4 spell: Animate Dead
  6118 | D:7      | Reached skill level 3 in Polearms
  6126 | D:7      | Reached skill level 4 in Polearms
  6195 | D:7      | Reached skill level 5 in Polearms
  6201 | D:7      | Reached skill level 6 in Polearms
  6531 | D:7      | Found a sand-covered staircase.
  6540 | Ossuary  | Entered an ossuary
  6557 | Ossuary  | Reached * piety under Kikubaaqudgha
  6557 | Ossuary  | Received a gift from Kikubaaqudgha
  6579 | Ossuary  | Reached skill level 7 in Polearms
  6919 | D:7      | Found a runed translucent door.
  6920 | D:7      | Noticed Crazy Yiuf
  6925 | D:7      | Killed Crazy Yiuf
  7206 | D:8      | Reached XP level 10. HP: 55/79 MP: 10/14
  7348 | D:8      | Reached ** piety under Kikubaaqudgha
  7479 | D:8      | Reached skill level 8 in Polearms
  7882 | D:9      | Found a stormy altar of Qazlal.
  7893 | D:9      | Found a radiant altar of Vehumet.
  8060 | D:9      | Found a broken altar of Ashenzari.
  8250 | D:9      | Found a flagged portal.
  8265 | Bailey   | Entered a bailey
  8267 | Bailey   | Upgraded the game from 0.30-a0-1124-g6e8f0f562f to
                  | 0.30-a0-1157-g2cc9ac7196
  8306 | Bailey   | Reached skill level 9 in Polearms
  8405 | Bailey   | Reached *** piety under Kikubaaqudgha
  8405 | Bailey   | Received a gift from Kikubaaqudgha
  8511 | Bailey   | Noticed an orc knight
  8528 | Bailey   | Killed an orc knight
  8529 | Bailey   | Reached skill level 10 in Polearms
  8784 | Bailey   | Found an iron altar of Okawaru.
  8792 | Bailey   | Noticed a rust devil
  8800 | Bailey   | Noticed a sixfirhy
  8803 | Bailey   | Noticed a smoke demon
  9040 | D:9      | Acquired a +1 bardiche of pain
  9144 | D:9      | Reached skill level 11 in Polearms
  9418 | D:9      | Reached XP level 11. HP: 22/84 MP: 15/15
  9870 | D:10     | Entered Level 10 of the Dungeon
  9945 | D:10     | Found a staircase to the Orcish Mines.
 10005 | D:10     | Reached **** piety under Kikubaaqudgha
 10033 | D:10     | Reached skill level 12 in Polearms
 10168 | D:10     | Found a staircase to the Lair.
 10358 | D:10     | Found Zoeke's Mayhem Merchandise.
 10478 | D:10     | Noticed a two-headed ogre
 10493 | D:10     | Killed a two-headed ogre
 10494 | D:10     | Reached skill level 13 in Polearms
 10765 | D:10     | Found a hide-covered altar of Uskayaw.
 10765 | D:10     | Found a hazy altar of Hepliaklqana.
 10769 | D:10     | Identified the +0 chain mail of Dim Light {Str+2 Int+3}
 10845 | Lair:1   | Entered Level 1 of the Lair of Beasts
 11051 | Lair:1   | Noticed a wolf spider
 11051 | Lair:1   | Noticed a wolf spider
 11072 | Lair:1   | Killed a wolf spider
 11073 | Lair:1   | Killed a wolf spider
 11074 | Lair:1   | Reached skill level 14 in Polearms
 11416 | Lair:1   | Reached XP level 12. HP: 91/91 MP: 16/16
 11588 | Lair:1   | Reached ***** piety under Kikubaaqudgha
 11910 | Lair:2   | Learned a level 5 spell: Borgnjor's Vile Clutch
 11975 | Lair:2   | Noticed Amaemon
 11987 | Lair:2   | Killed Amaemon
 11988 | Lair:2   | Reached skill level 15 in Polearms
 12268 | Lair:2   | Noticed a seven-headed hydra
 12280 | Lair:2   | Killed a five-headed hydra
 12557 | Lair:2   | Reached skill level 16 in Polearms
 12578 | Lair:2   | Noticed a death yak
 12588 | Lair:2   | Killed a death yak
 12750 | Lair:2   | Noticed a death yak
 12753 | Lair:2   | Noticed a death yak
 12753 | Lair:2   | Noticed a death yak
 12756 | Lair:2   | Killed a death yak
 12762 | Lair:2   | Killed a death yak
 12771 | Lair:2   | Killed a death yak
 12772 | Lair:2   | Reached skill level 17 in Polearms
 13273 | Lair:3   | Found a staircase to the Shoals.
 13369 | Lair:3   | Gained mutation: You sometimes emit foul miasma when
                  | damaged in melee. [demonic ancestry]
 13369 | Lair:3   | Reached XP level 13. HP: 96/96 MP: 12/17
 13461 | Lair:3   | Killed by an exploding elephant zombie... ignited by their
                  | inner flame

Illustrated notes

Levels and vault maps discovered:
D:1:      spicycebolla_arrival_clurvy, layout_loops_ring
D:2:      layout_basic, serial_glass, glass_columns_a, glass_columns_c
D:3:      layout_loops_ring, ebering_ecumenical_altar_hall
D:4:      layout_basic
D:5:      layout_basic, mainiacjoe_overflow_alcove_1
D:6:      layout_cave_pools, minmay_temple_entry_steel_oval
D:7:      layout_cave_pools, nicolae_ossuary_entry_ruins, chequers_mini_garden,
          uniq_crazy_yiuf_cottage
D:8:      layout_loops_cross
D:9:      layout_basic, mainiacjoe_overflow_large_starburst,
          mainiacjoe_overflow_catwalk, enter_bailey_5
D:10:     layout_roguey [special_room_bee], gammafunk_temple_overflow_statue,
          erik_lair_island, minmay_shop_mayhem
Temple:   compressed_dpeg_triangle_lava_temple
Lair:1:   layout_cave_pods, nicolae_lair_run_with_the_wolves
Lair:2:   nzn_winding_woodlands_three_and_one
          [nzn_winding_woodlands_5x15_jagged,
          nzn_winding_woodlands_5x15_river_crossing,
          nzn_winding_woodlands_5x15_eye,
          nzn_winding_woodlands_center_diamonds], layout_hall_layers,
          uniq_amaemon
Lair:3:   layout_cave_pods, elwin_shoals_entry_rocks, spider_nest_entry_a,
          minmay_holes

Skill      XL: |  1  2  3  4  5  6  7  8  9 10 11 12 |
---------------+-------------------------------------+-----
Necromancy     | 5 6 7 |  7.0
Spellcasting   | 3 |  3.0
Dodging        | 2 3 5 6 |  6.8
Fighting       | 2 3 5 7 |  7.1
Polearms       | 7 11 14 17 | 17.3
Stealth        | |  1.7

Action                     |  1- 3 |  4- 6 |  7- 9 | 10-12 | 13-15 || total
---------------------------+-------+-------+-------+-------+-------++-------
  Melee: Unarmed           |    22 |       |       |       |       ||    22
         Halberd           |       |    17 |   181 |   159 |       ||   357
         Kick              |       |     1 |    50 |   110 |     3 ||   164
         Bardiche          |       |       |       |   318 |    14 ||   332
   Cast: Necrotise         |    65 |    93 |    33 |    12 |       ||   203
         Vampiric Draining |       |       |     4 |     9 |       ||    13
         Animate Dead      |       |       |     2 |    10 |       ||    12
  Evoke: Wand              |       |       |       |    19 |       ||    19
    Use: Scroll            |       |       |    10 |    14 |     1 ||    25
         Potion            |       |       |     1 |       |       ||     1
   Stab: Sleeping          |       |     2 |     1 |     7 |       ||    10
         Distracted        |       |       |       |     7 |     1 ||     8
         Invisible         |       |       |       |     1 |       ||     1
 Armour: Robe              |    11 |    10 |    45 |    65 |       ||   131
  Dodge: Dodged            |    24 |    29 |   186 |   427 |     8 ||   674
  Block: Other             |     3 |     3 |    35 |    62 |     2 ||   105

Table legend: (Time is in decaauts)
 A = Elapsed time spent in this place.
 B = Non-inter-level travel time spent in this place.
 C = Inter-level travel time spent in this place.
 D = Time resting spent in this place.
 E = Time spent auto-exploring this place.
 F = Levels seen in this place.
 G = Mean time per level.
                   A        B        C        D        E       F      G
               +--------+--------+--------+--------+--------+-----+--------+
         Total |  13652 |  13225 |    427 |    332 |  10465 |  16 |  853.2 |
       Dungeon |  10058 |   9707 |    351 |    326 |   7706 |  10 | 1005.8 |
        Temple |     16 |      2 |     14 |      0 |      0 |   1 |   16.0 |
          Lair |   2649 |   2587 |     62 |      0 |   2110 |   3 |  883.0 |
       Ossuary |    140 |    140 |      0 |      0 |     61 |   1 |  140.0 |
        Bailey |    787 |    787 |      0 |      6 |    588 |   1 |  787.0 |
               +--------+--------+--------+--------+--------+-----+--------+

Top non-repeatable levels by time:
  Lair:2: 1454 daAuts
     D:9: 1247 daAuts
     D:5: 1243 daAuts
     D:4: 1154 daAuts
     D:2: 1099 daAuts
    D:10: 1022 daAuts
  Lair:1: 1006 daAuts
     D:3: 983 daAuts
     D:1: 920 daAuts
     D:7: 905 daAuts
     D:8: 835 daAuts
  Bailey: 787 daAuts
     D:6: 645 daAuts
  Lair:3: 188 daAuts
 Ossuary: 140 daAuts
